 Dungeon Crawl Stone Soup version 0.30-a0-137-gd8773701ce (webtiles) character file.

Game seed: 2369819989649164793

32 Bnni the Slasher (level 3, -1/28 HPs)
             Began as a Demonspawn Gladiator on Sept 22, 2022.
             Slain by an adder (4 damage)
             ... on level 2 of the Dungeon.
             The game lasted 00:02:59 (1347 turns).

Bnni the Slasher (Demonspawn Gladiator)             Turns: 1347, Time: 00:03:00

Health: -1/28      AC:  4    Str: 14    XL:     3   Next: 8%
Magic:  3/3        EV: 12    Int:  9    God:
Gold:   98         SH:  0    Dex: 16    Spells: 2/2 levels left

rFire   . . .      SeeInvis .    a - +0 long sword
rCold   . . .      Faith    .    (no shield)
rNeg    . . .      Spirit   .    b - +0 leather armour
rPois   .          Reflect  .    c - +0 helmet
rElec   .          Harm     .    (no cloak)
rCorr   .          Rampage  .    (no gloves)
Will    .....                    (no boots)
Stlth   +.........               (no amulet)
HPRegen 0.09/turn                (no ring)
MPRegen 0.08/turn                (no ring)

@: brilliant
A: sturdy frame 1
a: no special abilities


You were on level 2 of the Dungeon.
You visited 1 branch of the dungeon, and saw 2 of its levels.

You collected 98 gold pieces.

Inventory:

Hand Weapons
 a - a +0 long sword (weapon)
Missiles
 d - 2 throwing nets (quivered)
 e - a javelin
Armour
 b - a +0 leather armour (worn)
 c - a +0 helmet (worn)
Scrolls
 f - a scroll of amnesia {unknown}
 g - a scroll of blinking {unknown}
 i - a scroll of identify {unknown}
 j - a scroll of poison {unknown}
 k - 2 scrolls of teleportation {unknown}
Potions
 h - a potion of curing {unknown}
 l - a potion of brilliance
 m - a potion of invisibility


   Skills:
 + Level 2.5 Fighting
 * Level 3.5 Long Blades
 - Level 1.7 Throwing
 - Level 2.6 Dodging


You had 2 spell levels left.
You didn't know any spells.
Your spell library contained the following spells:

 Spells                   Type           Power      Damage    Failure   Level
 Beastly Appendage        Tmut           0%         N/A       38%         1
 Wereblood                Tmut           0%         N/A       54%         2
 Spider Form              Tmut/Pois      0%         N/A       77%         3


Dungeon Overview and Level Annotations

Branches:
Dungeon (2/15)

Altars:


Innate Abilities, Weirdness & Mutations

Your movements are slightly less encumbered by armour. (ER -2)


Message History

The adder bites you but does no damage.
You closely miss the adder.
The adder is heavily wounded.
You feel sick. The adder bites you. The quokka misses you.
You closely miss the adder.
The adder is heavily wounded.
You feel sick. The adder barely misses you. The quokka misses you.
The adder bites you but does no damage. The quokka barely misses you.
You barely miss the adder.
The adder is heavily wounded.
You feel sick.
You are no longer poisoned.
The adder bites you but does no damage. The quokka misses you.
The adder bites you.
You are poisoned.
The adder poisons you!
You miss the adder.
The adder is heavily wounded.
You feel sick.
The quokka bites you but does no damage.
The adder barely misses you.
The quokka bites you but does no damage.
You barely miss the adder.
The adder is heavily wounded.
You feel sick. The adder misses you. The quokka bites you.
The adder bites you but does no damage.
You miss the quokka.
You feel sick. The adder misses you. The quokka bites you.
* * * LOW HITPOINT WARNING * * *
The adder misses you.
You barely miss the quokka.
You feel sick.
You are no longer poisoned.
The quokka bites you.
* * * LOW HITPOINT WARNING * * *
The adder barely misses you.
The quokka bites you but does no damage.
Unknown command.
It was a potion of brilliance.
You feel clever all of a sudden. The adder bites you.
You die...

# .# .### ..... ###
####...... #.#
#.@r...... #######.#
##.#S...... #.......#
#..#.......
####.#####.###.##.......
.....# #.....# .......
.##### #...### #......
.# #...# #........ ##
#.#.####......... #
####.#..##..........


You could see an adder and a quokka.

Vanquished Creatures
  A worm (D:2)
  5 endoplasms
  2 giant cockroaches (D:1)
  A goblin (D:1)
  3 hobgoblins
  6 kobolds
  3 ball pythons (D:1)
  2 bats (D:1)
  A frilled lizard (D:2)
  2 rats (D:2)
26 creatures vanquished.

Vanquished Creatures (others)
  2 plants (D:1)
2 creatures vanquished.

Grand Total: 28 creatures vanquished

Notes
Turn   | Place    | Note
-------+----------+-------------------------------------------
     0 | D:1      | Bnni the Demonspawn Gladiator began the quest for the Orb.
     0 | D:1      | Reached XP level 1. HP: 16/16 MP: 1/1
   126 | D:1      | Reached skill level 3 in Long Blades
   284 | D:1      | Gained mutation: Your movements are slightly less
                  | encumbered by armour. (ER -2) [demonic ancestry]
   284 | D:1      | Reached XP level 2. HP: 17/22 MP: 2/2
   683 | D:1      | Found a faded altar of an unknown god.
  1170 | D:2      | Reached XP level 3. HP: 28/28 MP: 3/3
  1347 | D:2      | Slain by an adder

Illustrated notes

Levels and vault maps discovered:
D:1:      ncdulo_lavacross, layout_basic, shapermc_ecumenical_altar_ellora
D:2:      layout_rooms, minmay_divided_ellipse

Skill      XL: |  1 |
---------------+----+-----
Long Blades    | 3 |  3.5
Fighting       | |  2.5
Throwing       | |  1.7
Dodging        | |  2.6

Action                   || total
-------------------------++-------
Melee: Long sword        ||    89
       Punch             ||     1
Throw: Throwing net      ||     1
  Use: Potion            ||     1
 Stab: Sleeping          ||     2
Armor: Leather armour    ||    28
Dodge: Dodged            ||    45

Table legend: (Time is in decaauts)
 A = Elapsed time spent in this place.
 B = Non-inter-level travel time spent in this place.
 C = Inter-level travel time spent in this place.
 D = Time resting spent in this place.
 E = Time spent auto-exploring this place.
 F = Levels seen in this place.
 G = Mean time per level.
                   A        B        C        D        E       F      G
               +--------+--------+--------+--------+--------+-----+--------+
         Total |   1368 |   1362 |      6 |    258 |    854 |   2 |  684.0 |
       Dungeon |   1368 |   1362 |      6 |    258 |    854 |   2 |  684.0 |
               +--------+--------+--------+--------+--------+-----+--------+

Top non-repeatable levels by time:
     D:1: 913 daAuts
     D:2: 454 daAuts
